 Dungeon Crawl Stone Soup version 0.21-a0-348-ga060c75 (webtiles) character file.

10 Gremour the Skirmisher (level 2, 29/29 HPs)
             Began as a Gnoll Monk on Oct 6, 2017.
             Got out of the dungeon alive.
             The game lasted 00:02:48 (363 turns).

Gremour the Skirmisher (Gnoll Monk)                  Turns: 363, Time: 00:02:49

Health: 29/29      AC:  7    Str: 13    XL:     2   Next: 20%
Magic:  2/2        EV: 14    Int: 12    God:
Gold:   22         SH:  0    Dex: 17    Spells: 1/1 levels left

rFire    . . .     SeeInvis .   a - +0 spear
rCold    . . .     Gourm    .   (no shield)
rNeg     . . .     Faith    .   h - +0 ring mail
rPois    .         Spirit   .   (no helmet)
rElec    .         Reflect  .   (no cloak)
rCorr    .         Harm     .   (no gloves)
MR       .....                  i - +1 pair of boots
Stlth    ++........             (no amulet)
HPRegen  0.09/turn              (no ring)
MPRegen  0.08/turn              (no ring)

@: no status effects
A: distributed training, fangs 1, strong nose
a: no special abilities


You escaped.
You were not hungry.

You visited 1 branch of the dungeon, and saw 1 of its levels.

You collected 22 gold pieces.

Inventory:

Hand Weapons
 a - a +0 spear (weapon)
Armour
 b - a +0 robe
 h - a +0 ring mail (worn)
 i - a +1 pair of boots (worn)
Scrolls
 e - a scroll of enchant armour {unknown}
Potions
 d - a potion of curing {unknown}
 g - a potion of might {unknown}
Comestibles
 c - a bread ration


   Skills:
 + Level 6.4 Fighting
 + Level 0.3 Short Blades
 + Level 0.3 Long Blades
 + Level 0.3 Axes
 + Level 0.3 Maces & Flails
 + Level 6.4 Polearms
 + Level 0.3 Staves
 + Level 0.3 Slings
 + Level 0.3 Bows
 + Level 0.3 Crossbows
 + Level 0.3 Throwing
 + Level 0.3 Armour
 + Level 6.4 Dodging
 + Level 4.0 Stealth
 + Level 0.3 Shields
 + Level 0.3 Unarmed Combat
 + Level 0.3 Spellcasting
 + Level 0.3 Conjurations
 + Level 0.3 Hexes
 + Level 0.3 Charms
 + Level 0.3 Summonings
 + Level 0.3 Necromancy
 + Level 0.3 Translocations
 + Level 0.3 Transmutations
 + Level 0.3 Fire Magic
 + Level 0.3 Ice Magic
 + Level 0.3 Air Magic
 + Level 0.3 Earth Magic
 + Level 0.3 Poison Magic
 + Level 0.3 Invocations
 + Level 0.3 Evocations


You had one spell level left.
You didn't know any spells.

Dungeon Overview and Level Annotations

Branches:
Dungeon (1/15)

Altars:


Innate Abilities, Weirdness & Mutations

Your experience applies equally to all skills.
You have very sharp teeth.
Your uncanny sense of smell can sniff out nearby items.


Message History

The leopard gecko is severely wounded.
The leopard gecko misses you.
You hit the leopard gecko.
You kill the leopard gecko!
Found a pair of runed boots.
You see here a pair of runed boots.
i - a pair of runed boots Wear which item? (? for menu, Esc to quit)
You start putting on your armour.
You continue putting on your pair of runed boots. x4
You finish putting on your +1 pair of boots.
A gnoll comes into view.
You see here a short sword.
There is a large open door here.
There is a large open door here.
All of the chunks of flesh in your inventory have rotted away.
There is an open door here.
There is a staircase leading out of the dungeon here.
Are you sure you want to leave the Dungeon?
This will make you lose the game!
You have escaped!

##.##.#### ####.# #.#
##.########## #...........#
#..########.# ## ##≈≈≈≈≈≈ #.#
#### #≈♣≈#≈####### #.#
..8####8####8...@# #.#
...'.......'.....#≈# #.# ###
..8##8#'#8##8...8#≈# #.# ..#
'######'######'###≈# #.# #.#
.##♣♣.....♣♣##.#≈#≈#
##.#######.#
.#♣≈.......≈♣#.8♣♣≈#
#.....).....
.8#.........#8.#≈#≈#
#..#######.#
.##...≈♣≈...##.###≈###..# #.#
.++...♣8♣...''..''..##..#####
#.#


There were no monsters in sight!

Vanquished Creatures
  An adder zombie (D:1)
  A leopard gecko (D:1)
  A giant cockroach (D:1)
  A kobold (D:1)
  A bat (D:1)
  A jackal zombie (D:1)
  A rat (D:1)
7 creatures vanquished.

Notes
Turn   | Place    | Note
-------+----------+-------------------------------------------
     0 | D:1      | Gremour the Gnoll Monk began the quest for the Orb.
     0 | D:1      | Reached XP level 1. HP: 23/23 MP: 1/1
   196 | D:1      | Reached XP level 2. HP: 29/29 MP: 2/2
   363 | D:$      | Got out of the dungeon alive.

Vault maps used:
D:1:      saegor_arrival_fortress

Action                   || total
-------------------------++-------
Melee: Spear             ||    28
       Bite              ||     1
 Stab: Sleeping          ||     2
Armor: Robe              ||     3
       Ring mail         ||     1
Dodge: Dodged            ||    27

Table legend:
 A = Spawn XP
 B = Non-spawn XP
 C = Spawn XP percentage of total XP
 D = Spawn monster count
 E = Non-spawn monster count
 F = Spawn count percentage of total count
 G = Total turns spent on level
                    A         B        C        D         E        F      G
               +---------+---------+-------+---------+---------+-------+---------
         Total |       0 |      15 |   0.0 |       0 |       7 |   0.0 |   363
               +---------+---------+-------+---------+---------+-------+---------
           D:1 |       0 |      15 |   0.0 |       0 |       7 |   0.0 |   363
               +---------+---------+-------+---------+---------+-------+---------
